 Dungeon Crawl Stone Soup version 0.25-a0-317-g5f8687bca5 (webtiles) character file.

Game seed: 14448909408819782428, levelgen mode: deterministic

32 Lanoc the Grave Robber (level 3, 0/16 HPs)
             Began as a Spriggan Necromancer on Dec 25, 2019.
             Slain by Natasha (8 damage)
             ... on level 2 of the Dungeon.
             The game lasted 00:01:42 (1055 turns).

Lanoc the Grave Robber (Spriggan Necromancer)       Turns: 1055, Time: 00:01:43

Health: 0/16       AC:  2    Str:  4    XL:     3   Next: 10%
Magic:  3/8        EV: 19    Int: 17    God:
Gold:   65         SH:  0    Dex: 16    Spells: 6/8 levels left

rFire    . . .     SeeInvis +   d - +1 short sword (drain)
rCold    . . .     Gourm    .   (shield restricted)
rNeg     . . .     Faith    .   a - +0 robe
rPois    .         Spirit   .   (helmet restricted)
rElec    .         Reflect  .   (no cloak)
rCorr    .         Harm     .   (gloves unavailable)
MR       .....                  (boots unavailable)
Stlth    ++........             (no amulet)
HPRegen  0.05/turn              (no ring)
MPRegen  0.11/turn              (no ring)

@: very slightly contaminated, very quick
A: very small, unfitting armour, see invisible, herbivore, speed 3, slow
metabolism 2
a: no special abilities


You were on level 2 of the Dungeon.
You were not hungry.

You visited 1 branch of the dungeon, and saw 2 of its levels.

You collected 65 gold pieces.

Inventory:

Hand Weapons
 d - a +1 short sword of draining (weapon)
Armour
 a - a +0 robe (worn)
Scrolls
 e - a scroll of amnesia {unknown}
 f - a scroll of teleportation {unknown}
 g - a scroll of identify {unknown}
 h - a scroll of enchant weapon {unknown}
Potions
 b - 2 potions of degeneration {unknown}
Comestibles
 c - 4 rations


   Skills:
 + Level 3.6 Dodging
 - Level 3.0 Stealth
 + Level 3.2 Spellcasting
 * Level 4.1 Necromancy


You had 6 spell levels left.
You knew the following spells:

 Your Spells              Type           Power        Failure   Level  Hunger
a - Pain                  Necr           ###.         3%          1    None
b - Animate Skeleton      Necr           N/A          3%          1    None

Your spell library contained the following spells:

 Spells                   Type           Power        Failure   Level  Hunger
 Vampiric Draining        Necr           ###.......   10%         3    ###....
 Regeneration             Chrm/Necr      #.........   22%         3    ###....
 Animate Dead             Necr           N/A          30%         4    ####...


Dungeon Overview and Level Annotations

Branches:
Dungeon (2/15)

Altars:
Hepliaklqana

Annotations:
D:2 Natasha


Innate Abilities, Weirdness & Mutations

You are very small and have problems with some larger weapons.
You are too small for most types of armour.
You have supernaturally acute eyesight. (SInv)
You are a herbivore.
You cover ground extremely quickly.
You need to consume almost no food.


Message History

Press: ? - help, Shift-Dir - straight line, f/p - Natasha
Aim: Natasha (heavily wounded, chance to defeat MR: 75%) Natasha writhes in agony.
Natasha barely misses you.
Casting: Pain (safe; 3% risk of failure)
Confirm with . or Enter, or press ? or * to list all spells.
Aiming: Pain (safe; 3% risk of failure)
Press: ? - help, Shift-Dir - straight line, f/p - Natasha
Aim: Natasha (heavily wounded, chance to defeat MR: 75%)
You miscast Pain.
You are very lightly contaminated with residual magic.
You hear strange and distant voices.
Natasha closely misses you.
Casting: Pain (safe; 3% risk of failure)
Confirm with . or Enter, or press ? or * to list all spells.
Aiming: Pain (safe; 3% risk of failure)
Press: ? - help, Shift-Dir - straight line, f/p - Natasha
Aim: Natasha (heavily wounded, chance to defeat MR: 75%) Natasha struggles to resist.
Natasha claws you!
Ouch! That really hurt!
You die...

#..##.....##.#
##.#..####.####.#
#..#............#
..#.#.##########
..#...# ##.
##.###.# #...#..
#..# ......h##.##
....!..@..#
.......####
...#### .


You could see Natasha.

Vanquished Creatures
  A gnoll (D:1)
  A dart slug (D:1)
  2 bats (D:1)
  A giant cockroach (D:1)
  A goblin (D:1)
  A hobgoblin (D:1)
  5 jackals (D:1)
  2 kobolds (D:1)
  3 frilled lizards
  4 rats (D:1)
21 creatures vanquished.

Notes
Turn   | Place    | Note
-------+----------+-------------------------------------------
     0 | D:1      | Lanoc the Spriggan Necromancer began the quest for the Orb.
     0 | D:1      | Reached XP level 1. HP: 9/9 MP: 5/5
   105 | D:1      | Reached XP level 2. HP: 8/13 MP: 1/7
   108 | D:1      | Learned a level 1 spell: Animate Skeleton
   267 | D:1      | Reached skill level 4 in Necromancy
   821 | D:1      | Reached XP level 3. HP: 11/16 MP: 5/8
  1029 | D:2      | Found a hazy altar of Hepliaklqana.
  1050 | D:2      | Noticed Natasha
  1055 | D:2      | Slain by Natasha

Levels and vault maps discovered:
D:1:      lightli_arrival_chessboard, layout_loops_ring
D:2:      layout_basic, vehumet_crystals, old_standard_altar,
          chequers_serial_rivers_micro_b, chequers_serial_rivers_room_a,
          minmay_3d_cube, uniq_natasha

Skill      XL: |  1  2 |
---------------+-------+-----
Spellcasting   | 3 |  3.2
Necromancy     | 4 |  4.1
Dodging        | |  3.6
Stealth        | |  3.0

Action                   || total
-------------------------++-------
Melee: Short sword       ||     5
 Cast: Pain              ||    38
       Animate Skeleton  ||     1
Dodge: Dodged            ||    12

Table legend:
 A = Non-vault XP
 B = Vault XP
 C = Vault XP percentage of total XP
 D = Non-vault monster count
 E = Vault monster count
 F = Vault count percentage of total count
                 A         B        C        D         E       F
            +---------+---------+-------+---------+---------+-------
      Total |      47 |       0 |   0.0 |      21 |       0 |   0.0
            +---------+---------+-------+---------+---------+-------
        D:1 |      46 |       0 |   0.0 |      20 |       0 |   0.0
        D:2 |       1 |       0 |   0.0 |       1 |       0 |   0.0
            +---------+---------+-------+---------+---------+-------
